%YAML 1.1
%TAG !u! tag:unity3d.com,2011:
--- !u!1 &5273425228771838487
GameObject:
  m_ObjectHideFlags: 0
  m_CorrespondingSourceObject: {fileID: 0}
  m_PrefabInstance: {fileID: 0}
  m_PrefabAsset: {fileID: 0}
  serializedVersion: 6
  m_Component:
  - component: {fileID: 5273425228771838486}
  - component: {fileID: 1037990940165459917}
  m_Layer: 0
  m_Name: Platform3X1
  m_TagString: Untagged
  m_Icon: {fileID: 0}
  m_NavMeshLayer: 0
  m_StaticEditorFlags: 0
  m_IsActive: 1
--- !u!4 &5273425228771838486
Transform:
  m_ObjectHideFlags: 0
  m_CorrespondingSourceObject: {fileID: 0}
  m_PrefabInstance: {fileID: 0}
  m_PrefabAsset: {fileID: 0}
  m_GameObject: {fileID: 5273425228771838487}
  m_LocalRotation: {x: 0, y: 0, z: 0, w: 1}
  m_LocalPosition: {x: 0, y: 0, z: 0}
  m_LocalScale: {x: 1, y: 1, z: 1}
  m_Children:
  - {fileID: 6176045728800680886}
  - {fileID: 6176045727670156599}
  - {fileID: 6176045728235402325}
  - {fileID: 6176045729507053856}
  m_Father: {fileID: 0}
  m_RootOrder: 0
  m_LocalEulerAnglesHint: {x: 0, y: 0, z: 0}
--- !u!65 &1037990940165459917
BoxCollider:
  m_ObjectHideFlags: 0
  m_CorrespondingSourceObject: {fileID: 0}
  m_PrefabInstance: {fileID: 0}
  m_PrefabAsset: {fileID: 0}
  m_GameObject: {fileID: 5273425228771838487}
  m_Material: {fileID: 0}
  m_IsTrigger: 0
  m_Enabled: 1
  serializedVersion: 2
  m_Size: {x: 1, y: 1, z: 4.9999995}
  m_Center: {x: 0, y: 0, z: 0}
--- !u!1001 &5273425227617571804
PrefabInstance:
  m_ObjectHideFlags: 0
  serializedVersion: 2
  m_Modification:
    m_TransformParent: {fileID: 5273425228771838486}
    m_Modifications:
    - target: {fileID: 2061312242812532846, guid: d53e5e0486ca4cd44af1b230866ae0dd,
        type: 3}
      propertyPath: m_Name
      value: CUBE (4)
      objectReference: {fileID: 0}
    - target: {fileID: 2061312242812532842, guid: d53e5e0486ca4cd44af1b230866ae0dd,
        type: 3}
      propertyPath: m_LocalPosition.x
      value: 0
      objectReference: {fileID: 0}
    - target: {fileID: 2061312242812532842, guid: d53e5e0486ca4cd44af1b230866ae0dd,
        type: 3}
      propertyPath: m_LocalPosition.y
      value: 0
      objectReference: {fileID: 0}
    - target: {fileID: 2061312242812532842, guid: d53e5e0486ca4cd44af1b230866ae0dd,
        type: 3}
      propertyPath: m_LocalPosition.z
      value: 0
      objectReference: {fileID: 0}
    - target: {fileID: 2061312242812532842, guid: d53e5e0486ca4cd44af1b230866ae0dd,
        type: 3}
      propertyPath: m_LocalRotation.x
      value: -0
      objectReference: {fileID: 0}
    - target: {fileID: 2061312242812532842, guid: d53e5e0486ca4cd44af1b230866ae0dd,
        type: 3}
      propertyPath: m_LocalRotation.y
      value: -0
      objectReference: {fileID: 0}
    - target: {fileID: 2061312242812532842, guid: d53e5e0486ca4cd44af1b230866ae0dd,
        type: 3}
      propertyPath: m_LocalRotation.z
      value: -0
      objectReference: {fileID: 0}
    - target: {fileID: 2061312242812532842, guid: d53e5e0486ca4cd44af1b230866ae0dd,
        type: 3}
      propertyPath: m_LocalRotation.w
      value: 1
      objectReference: {fileID: 0}
    - target: {fileID: 2061312242812532842, guid: d53e5e0486ca4cd44af1b230866ae0dd,
        type: 3}
      propertyPath: m_RootOrder
      value: 0
      objectReference: {fileID: 0}
    - target: {fileID: 2061312242812532842, guid: d53e5e0486ca4cd44af1b230866ae0dd,
        type: 3}
      propertyPath: m_LocalEulerAnglesHint.x
      value: 0
      objectReference: {fileID: 0}
    - target: {fileID: 2061312242812532842, guid: d53e5e0486ca4cd44af1b230866ae0dd,
        type: 3}
      propertyPath: m_LocalEulerAnglesHint.y
      value: 0
      objectReference: {fileID: 0}
    - target: {fileID: 2061312242812532842, guid: d53e5e0486ca4cd44af1b230866ae0dd,
        type: 3}
      propertyPath: m_LocalEulerAnglesHint.z
      value: 0
      objectReference: {fileID: 0}
    m_RemovedComponents: []
  m_SourcePrefab: {fileID: 100100000, guid: d53e5e0486ca4cd44af1b230866ae0dd, type: 3}
--- !u!4 &6176045728800680886 stripped
Transform:
  m_CorrespondingSourceObject: {fileID: 2061312242812532842, guid: d53e5e0486ca4cd44af1b230866ae0dd,
    type: 3}
  m_PrefabInstance: {fileID: 5273425227617571804}
  m_PrefabAsset: {fileID: 0}
--- !u!1001 &5273425228324088138
PrefabInstance:
  m_ObjectHideFlags: 0
  serializedVersion: 2
  m_Modification:
    m_TransformParent: {fileID: 5273425228771838486}
    m_Modifications:
    - target: {fileID: 2061312242812532846, guid: d53e5e0486ca4cd44af1b230866ae0dd,
        type: 3}
      propertyPath: m_Name
      value: CUBE (1)
      objectReference: {fileID: 0}
    - target: {fileID: 2061312242812532842, guid: d53e5e0486ca4cd44af1b230866ae0dd,
        type: 3}
      propertyPath: m_LocalPosition.x
      value: 0
      objectReference: {fileID: 0}
    - target: {fileID: 2061312242812532842, guid: d53e5e0486ca4cd44af1b230866ae0dd,
        type: 3}
      propertyPath: m_LocalPosition.y
      value: 0
      objectReference: {fileID: 0}
    - target: {fileID: 2061312242812532842, guid: d53e5e0486ca4cd44af1b230866ae0dd,
        type: 3}
      propertyPath: m_LocalPosition.z
      value: -1.99
      objectReference: {fileID: 0}
    - target: {fileID: 2061312242812532842, guid: d53e5e0486ca4cd44af1b230866ae0dd,
        type: 3}
      propertyPath: m_LocalRotation.x
      value: -0
      objectReference: {fileID: 0}
    - target: {fileID: 2061312242812532842, guid: d53e5e0486ca4cd44af1b230866ae0dd,
        type: 3}
      propertyPath: m_LocalRotation.y
      value: -0
      objectReference: {fileID: 0}
    - target: {fileID: 2061312242812532842, guid: d53e5e0486ca4cd44af1b230866ae0dd,
        type: 3}
      propertyPath: m_LocalRotation.z
      value: -0
      objectReference: {fileID: 0}
    - target: {fileID: 2061312242812532842, guid: d53e5e0486ca4cd44af1b230866ae0dd,
        type: 3}
      propertyPath: m_LocalRotation.w
      value: 1
      objectReference: {fileID: 0}
    - target: {fileID: 2061312242812532842, guid: d53e5e0486ca4cd44af1b230866ae0dd,
        type: 3}
      propertyPath: m_RootOrder
      value: 3
      objectReference: {fileID: 0}
    - target: {fileID: 2061312242812532842, guid: d53e5e0486ca4cd44af1b230866ae0dd,
        type: 3}
      propertyPath: m_LocalEulerAnglesHint.x
      value: 0
      objectReference: {fileID: 0}
    - target: {fileID: 2061312242812532842, guid: d53e5e0486ca4cd44af1b230866ae0dd,
        type: 3}
      propertyPath: m_LocalEulerAnglesHint.y
      value: 0
      objectReference: {fileID: 0}
    - target: {fileID: 2061312242812532842, guid: d53e5e0486ca4cd44af1b230866ae0dd,
        type: 3}
      propertyPath: m_LocalEulerAnglesHint.z
      value: 0
      objectReference: {fileID: 0}
    m_RemovedComponents: []
  m_SourcePrefab: {fileID: 100100000, guid: d53e5e0486ca4cd44af1b230866ae0dd, type: 3}
--- !u!4 &6176045729507053856 stripped
Transform:
  m_CorrespondingSourceObject: {fileID: 2061312242812532842, guid: d53e5e0486ca4cd44af1b230866ae0dd,
    type: 3}
  m_PrefabInstance: {fileID: 5273425228324088138}
  m_PrefabAsset: {fileID: 0}
--- !u!1001 &5273425228768740701
PrefabInstance:
  m_ObjectHideFlags: 0
  serializedVersion: 2
  m_Modification:
    m_TransformParent: {fileID: 5273425228771838486}
    m_Modifications:
    - target: {fileID: 2061312242812532846, guid: d53e5e0486ca4cd44af1b230866ae0dd,
        type: 3}
      propertyPath: m_Name
      value: CUBE (3)
      objectReference: {fileID: 0}
    - target: {fileID: 2061312242812532842, guid: d53e5e0486ca4cd44af1b230866ae0dd,
        type: 3}
      propertyPath: m_LocalPosition.x
      value: 0
      objectReference: {fileID: 0}
    - target: {fileID: 2061312242812532842, guid: d53e5e0486ca4cd44af1b230866ae0dd,
        type: 3}
      propertyPath: m_LocalPosition.y
      value: 0
      objectReference: {fileID: 0}
    - target: {fileID: 2061312242812532842, guid: d53e5e0486ca4cd44af1b230866ae0dd,
        type: 3}
      propertyPath: m_LocalPosition.z
      value: 1
      objectReference: {fileID: 0}
    - target: {fileID: 2061312242812532842, guid: d53e5e0486ca4cd44af1b230866ae0dd,
        type: 3}
      propertyPath: m_LocalRotation.x
      value: -0
      objectReference: {fileID: 0}
    - target: {fileID: 2061312242812532842, guid: d53e5e0486ca4cd44af1b230866ae0dd,
        type: 3}
      propertyPath: m_LocalRotation.y
      value: -0
      objectReference: {fileID: 0}
    - target: {fileID: 2061312242812532842, guid: d53e5e0486ca4cd44af1b230866ae0dd,
        type: 3}
      propertyPath: m_LocalRotation.z
      value: -0
      objectReference: {fileID: 0}
    - target: {fileID: 2061312242812532842, guid: d53e5e0486ca4cd44af1b230866ae0dd,
        type: 3}
      propertyPath: m_LocalRotation.w
      value: 1
      objectReference: {fileID: 0}
    - target: {fileID: 2061312242812532842, guid: d53e5e0486ca4cd44af1b230866ae0dd,
        type: 3}
      propertyPath: m_RootOrder
      value: 1
      objectReference: {fileID: 0}
    - target: {fileID: 2061312242812532842, guid: d53e5e0486ca4cd44af1b230866ae0dd,
        type: 3}
      propertyPath: m_LocalEulerAnglesHint.x
      value: 0
      objectReference: {fileID: 0}
    - target: {fileID: 2061312242812532842, guid: d53e5e0486ca4cd44af1b230866ae0dd,
        type: 3}
      propertyPath: m_LocalEulerAnglesHint.y
      value: 0
      objectReference: {fileID: 0}
    - target: {fileID: 2061312242812532842, guid: d53e5e0486ca4cd44af1b230866ae0dd,
        type: 3}
      propertyPath: m_LocalEulerAnglesHint.z
      value: 0
      objectReference: {fileID: 0}
    m_RemovedComponents: []
  m_SourcePrefab: {fileID: 100100000, guid: d53e5e0486ca4cd44af1b230866ae0dd, type: 3}
--- !u!4 &6176045727670156599 stripped
Transform:
  m_CorrespondingSourceObject: {fileID: 2061312242812532842, guid: d53e5e0486ca4cd44af1b230866ae0dd,
    type: 3}
  m_PrefabInstance: {fileID: 5273425228768740701}
  m_PrefabAsset: {fileID: 0}
--- !u!1001 &5273425229199903807
PrefabInstance:
  m_ObjectHideFlags: 0
  serializedVersion: 2
  m_Modification:
    m_TransformParent: {fileID: 5273425228771838486}
    m_Modifications:
    - target: {fileID: 2061312242812532846, guid: d53e5e0486ca4cd44af1b230866ae0dd,
        type: 3}
      propertyPath: m_Name
      value: CUBE (2)
      objectReference: {fileID: 0}
    - target: {fileID: 2061312242812532842, guid: d53e5e0486ca4cd44af1b230866ae0dd,
        type: 3}
      propertyPath: m_LocalPosition.x
      value: 0
      objectReference: {fileID: 0}
    - target: {fileID: 2061312242812532842, guid: d53e5e0486ca4cd44af1b230866ae0dd,
        type: 3}
      propertyPath: m_LocalPosition.y
      value: 0
      objectReference: {fileID: 0}
    - target: {fileID: 2061312242812532842, guid: d53e5e0486ca4cd44af1b230866ae0dd,
        type: 3}
      propertyPath: m_LocalPosition.z
      value: 2
      objectReference: {fileID: 0}
    - target: {fileID: 2061312242812532842, guid: d53e5e0486ca4cd44af1b230866ae0dd,
        type: 3}
      propertyPath: m_LocalRotation.x
      value: -0
      objectReference: {fileID: 0}
    - target: {fileID: 2061312242812532842, guid: d53e5e0486ca4cd44af1b230866ae0dd,
        type: 3}
      propertyPath: m_LocalRotation.y
      value: -0
      objectReference: {fileID: 0}
    - target: {fileID: 2061312242812532842, guid: d53e5e0486ca4cd44af1b230866ae0dd,
        type: 3}
      propertyPath: m_LocalRotation.z
      value: -0
      objectReference: {fileID: 0}
    - target: {fileID: 2061312242812532842, guid: d53e5e0486ca4cd44af1b230866ae0dd,
        type: 3}
      propertyPath: m_LocalRotation.w
      value: 1
      objectReference: {fileID: 0}
    - target: {fileID: 2061312242812532842, guid: d53e5e0486ca4cd44af1b230866ae0dd,
        type: 3}
      propertyPath: m_RootOrder
      value: 2
      objectReference: {fileID: 0}
    - target: {fileID: 2061312242812532842, guid: d53e5e0486ca4cd44af1b230866ae0dd,
        type: 3}
      propertyPath: m_LocalEulerAnglesHint.x
      value: 0
      objectReference: {fileID: 0}
    - target: {fileID: 2061312242812532842, guid: d53e5e0486ca4cd44af1b230866ae0dd,
        type: 3}
      propertyPath: m_LocalEulerAnglesHint.y
      value: 0
      objectReference: {fileID: 0}
    - target: {fileID: 2061312242812532842, guid: d53e5e0486ca4cd44af1b230866ae0dd,
        type: 3}
      propertyPath: m_LocalEulerAnglesHint.z
      value: 0
      objectReference: {fileID: 0}
    m_RemovedComponents: []
  m_SourcePrefab: {fileID: 100100000, guid: d53e5e0486ca4cd44af1b230866ae0dd, type: 3}
--- !u!4 &6176045728235402325 stripped
Transform:
  m_CorrespondingSourceObject: {fileID: 2061312242812532842, guid: d53e5e0486ca4cd44af1b230866ae0dd,
    type: 3}
  m_PrefabInstance: {fileID: 5273425229199903807}
  m_PrefabAsset: {fileID: 0}
